 Dungeon Crawl Stone Soup version 0.27-a0-1071-ga85bd9520d (console) character file.

Game seed: 932714597663776085

9 nht the Digger (level 2, 19/19 HPs)
             Began as a Demonspawn Earth Elementalist on Apr 24, 2021.
             Was a Follower of Nemelex Xobeh.
             Quit the game on level 1 of the Dungeon.
             The game lasted 00:00:29 (153 turns).

nht the Digger (Demonspawn Earth Elementalist)       Turns: 153, Time: 00:00:30

Health: 19/19      AC:  2    Str:  8    XL:     2   Next: 3%
Magic:  0/5        EV: 12    Int: 16    God:    Nemelex Xobeh [*.....]
Gold:   0          SH:  0    Dex: 13    Spells: 4/5 levels left

rFire    . . .     SeeInvis .   (no weapon)
rCold    . . .     Faith    .   (no shield)
rNeg     . . .     Spirit   .   c - +0 robe
rPois    .         Reflect  .   (no helmet)
rElec    .         Harm     .   (no cloak)
rCorr    .         Rampage  .   (no gloves)
Will     .....                  (no boots)
Stlth    ++........             (no amulet)
HPRegen  0.06/turn              (no ring)
MPRegen  0.09/turn              (no ring)

@: no status effects
A: demonic guardian 1
a: Renounce Religion, Draw Escape, Draw Destruction, Draw Summoning


You were on level 1 of the Dungeon.
You worshipped Nemelex Xobeh.
Nemelex Xobeh was aware of your devotion.
You visited 1 branch of the dungeon, and saw 1 of its levels.

Inventory:

Missiles
 b - 21 stones
Armour
 c - a +0 robe (worn)


   Skills:
 - Level 1.7 Dodging
 - Level 1.7 Stealth
 - Level 2.0 Spellcasting
 - Level 0.8 Transmutations
 + Level 3.2 Earth Magic


You had 4 spell levels left.
You knew the following spells:

 Your Spells              Type           Power      Damage    Failure   Level
a - Sandblast             Erth           24%        2d8       5%          1

Your spell library contained the following spells:

 Spells                   Type           Power      Damage    Failure   Level
 Passwall                 Tmut/Erth      6%         N/A       14%         2
 Stone Arrow              Conj/Erth      12%        3d7       32%         3
 Petrify                  Tmut/Erth      8%         N/A       65%         4
 Lee's Rapid Deconstruct  Erth           6%         3d7*      83%         5


Dungeon Overview and Level Annotations

Branches:
Dungeon (1/15)

Altars:
Nemelex Xobeh


Innate Abilities, Weirdness & Mutations

A weak demonic guardian rushes to your aid.


Message History

An endoplasm comes into view.
Found a faded altar of an unknown god.
There is an open door here.
The blast of sand hits the endoplasm!
You kill the endoplasm!
Your Earth Magic skill increases to level 3!
There is a faded altar of an unknown god here.
You cannot tell which god this altar belongs to.
Convert to them anyway?
Nemelex Xobeh accepts your prayer! Nemelex Xobeh welcomes you!
You can now draw from decks of power.
Nemelex will now gift you decks of power as you gain piety.
You open the door.
An endoplasm comes into view.
There is an open door here.
The endoplasm quivers.
The blast of sand hits the endoplasm!
You kill the endoplasm!
A ball python and a goblin come into view.
The ball python hisses angrily.
The blast of sand hits the ball python!
You kill the ball python!
The goblin shouts!
The blast of sand hits the goblin!
You kill the goblin!
Things that are here:
a +0 dagger; a ball python corpse A bat comes into view.
A hobgoblin comes into view.
Found 9 gold pieces.
The blast of sand hits the bat.
The bat is severely wounded.
The bat barely misses you.
The blast of sand misses the bat.
The bat hits you but does no damage.
The blast of sand hits the bat.
You kill the bat!
You have reached level 2!
Your demonic ancestry asserts itself...
You feel the presence of a demonic guardian.
Are you sure you want to abandon this character and quit the game? (Confirm with "yes".) █ █ ████

███ ...█ █.█
█.█████████████.███████
.......).............g.
.......................
█.█████████████.█████..█
█.█ █...@......█ █.█
█........... █.█
█........... █..
█........... ██
█........... .█████
█....$.....█ .....██
█..........█ ⌠.....+


███+████████ .....██ There were no monsters in sight!

Vanquished Creatures
  A bat (D:1)
  4 endoplasms (D:1)
  A goblin (D:1)
  A ball python (D:1)
7 creatures vanquished.

Notes
Turn   | Place    | Note
-------+----------+-------------------------------------------
     0 | D:1      | nht the Demonspawn Earth Elementalist began the quest for
                  | the Orb.
     0 | D:1      | Reached XP level 1. HP: 13/13 MP: 3/3
    61 | D:1      | Found a faded altar of an unknown god.
    64 | D:1      | Reached skill level 3 in Earth Magic
    67 | D:1      | Became a worshipper of Nemelex Xobeh the Trickster
    67 | D:1      | Reached * piety under Nemelex Xobeh
   153 | D:1      | Gained mutation: A weak demonic guardian rushes to your
                  | aid. [demonic ancestry]
   153 | D:1      | Reached XP level 2. HP: 19/19 MP: 0/5
   153 | D:1      | Quit the game

Illustrated notes

Levels and vault maps discovered:
D:1:      evilmike_arrival_plus, layout_basic,
          hellmonk_ecumenical_altar_slurped_away, chequers_serial_rivers_micro_a

Skill      XL: |  1 |
---------------+----+-----
Earth Magic    | 3 |  3.2
Dodging        | |  1.7
Stealth        | |  1.7
Spellcasting   | |  2.0
Transmutations | |  0.8

Action                   || total
-------------------------++-------
 Cast: Sandblast         ||     9
Armor: Robe              ||     1
Dodge: Dodged            ||     1

Table legend: (Time is in decaauts)
 A = Elapsed time spent in this place.
 B = Non-inter-level travel time spent in this place.
 C = Inter-level travel time spent in this place.
 D = Time resting spent in this place.
 E = Time spent auto-exploring this place.
 F = Levels seen in this place.
 G = Mean time per level.
                   A        B        C        D        E       F      G
               +--------+--------+--------+--------+--------+-----+--------+
         Total |    153 |    153 |      0 |      0 |    113 |   1 |  153.0 |
       Dungeon |    153 |    153 |      0 |      0 |    113 |   1 |  153.0 |
               +--------+--------+--------+--------+--------+-----+--------+

Top non-repeatable levels by time:
     D:1: 153 daAuts
